 Dungeon Crawl Stone Soup version 0.16.1-14-g82efdee (webtiles) character file.

396 pidar the Ruffian (level 6, -14/61 HPs)
             Began as a Troll Berserker on Apr 12, 2015.
             Was a Priest of Trog.
             Demolished by an ogre
             ... wielding a +0 giant club
              (22 damage)
             ... on level 4 of the Dungeon.
             The game lasted 00:24:35 (2413 turns).

pidar the Ruffian (Troll Berserker)                 Turns: 2413, Time: 00:24:35

Health: -14/61     AC:  5    Str: 28    XL:     6   Next: 52%
Magic:  3/3        EV: 10    Int:  3    God:    Trog [***...]
Gold:   158        SH:  0    Dex:  9    Spells: 0 memorised, 5 levels left

rFire  . . .     SeeInvis .       - Unarmed
rCold  + . .     Clarity  +     h - +0 robe
rNeg   . . .     SustAb   .     (shield restricted)
rPois  .         Gourm    +     (helmet restricted)
rElec  .         Spirit   .     (no cloak)
rCorr  .         Warding  .     (gloves unavailable)
rMut   .         Stasis   .     (boots unavailable)
MR     .....                    i - amulet of clarity
Stlth  +.........               (no ring)
                                e - ring of protection from cold

@: not resistant to hostile enchantments, very unstealthy
A: unfitting armour, claws 3, fast metabolism 3, gourmand, regeneration 2,
shaggy fur 1, tough skin 2
a: Burn Spellbooks, Berserk, Trog's Hand, Renounce Religion


You were on level 4 of the Dungeon.
You worshipped Trog.
Trog was most pleased with you.
You were not hungry.

You visited 1 branch of the dungeon, and saw 4 of its levels.

You collected 158 gold pieces.

Inventory:

Armour
 h - a +0 robe (worn)
Jewellery
 e - a ring of protection from cold (left claw)
 i - an amulet of clarity (around neck)
Scrolls
 c - 3 scrolls of recharging
 f - a scroll of remove curse
 g - 4 scrolls of identify
Comestibles
 b - 2 fruits
 d - a bread ration


   Skills:
 + Level 3.4 Fighting
 - Level 3.3 Armour
 + Level 3.5 Dodging
 + Level 4.2 Unarmed Combat


You had 5 spell levels left.
You didn't know any spells.

Dungeon Overview and Level Annotations

Branches:
Dungeon (4/15)
 Temple: D:4-7

Altars:
Nemelex Xobeh
Qazlal
Yredelemnul


Innate Abilities, Weirdness & Mutations

You are too large for most types of armour.
You have claws for hands.
Your metabolism is lightning-fast.
You like to eat raw meat.
You heal very quickly.
You are covered in fur (AC +1).
You have very tough skin (AC +2).


Message History

Trog is most pleased with you.
An ogre comes into view. It is wielding a giant club.
The ogre shouts!
Found 5 gold pieces.
Found 14 gold pieces.
You completely miss the ogre. The ogre hits you with a giant club!!
You barely miss the ogre. You barely miss the ogre.
The ogre completely misses you.
You barely miss the ogre. The ogre hits you with a giant club!
You scratch the ogre.
The ogre begins to bleed from its wounds!
The ogre is lightly wounded.
You barely miss the ogre.
The ogre is lightly wounded.
The ogre hits you with a giant club!!
* * * LOW HITPOINT WARNING * * *
The worm misses you.
The ogre is no longer bleeding.
The ogre hits you with a giant club!!
You die...

### #.#########
#.@.......#########
#O#######.#........ #w#
#.#.####### #.# #.#.#
#.........# #.#.#
.........# #.#.#######
.........# #..........
.........########.#######
......................#


You could see a worm and an ogre.

Vanquished Creatures
  Grinder (D:4)
  A hound (D:4)
  A worker ant (D:3)
  4 gnolls (D:2)
  4 adders
  A giant gecko (D:1)
  An ooze (D:3)
  2 orcs (D:3)
  3 ball pythons
  A bat skeleton (D:3)
  2 giant cockroaches
  9 goblins
  9 hobgoblins
  10 kobolds
  2 quokkas (D:3)
  5 bats
  A giant newt (D:2)
  7 rats
  A fungus (D:1)
  A plant (D:2)
66 creatures vanquished.

Notes
Turn   | Place    | Note
--------------------------------------------------------------
     0 | D:1      | pidar, the Troll Berserker, began the quest for the Orb.
     0 | D:1      | Reached XP level 1. HP: 22/22 MP: 1/1
   170 | D:1      | Reached XP level 2. HP: 29/29 MP: 1/1
   302 | D:1      | Acquired Trog's second power
   474 | D:1      | Reached XP level 3. HP: 33/36 MP: 2/2
   704 | D:2      | Reached XP level 4. HP: 11/44 MP: 2/2
   999 | D:2      | Found a basalt altar of Yredelemnul.
  1646 | D:3      | Found a sparkling altar of Nemelex Xobeh.
  1746 | D:3      | Found a stormy altar of Qazlal.
  1798 | D:3      | Reached XP level 5. HP: 32/50 MP: 2/2
  2208 | D:4      | Noticed Grinder
  2215 | D:4      | Paralysed by Grinder for 7 turns
  2224 | D:4      | HP: 2/50 [Grinder/nerve-wracking pain (6)]
  2333 | D:4      | Killed Grinder
  2333 | D:4      | Reached skill level 4 in Unarmed Combat
  2333 | D:4      | Reached XP level 6. HP: 55/61 MP: 3/3
  2400 | D:4      | Noticed an ogre
  2413 | D:4      | Demolished by an ogre

Action                   |  1- 3 |  4- 6 || total
-------------------------+-------+-------++-------
Melee: Unarmed           |    95 |   135 ||   230
  Use: Scroll            |     3 |     2 ||     5
       Potion            |       |     4 ||     4
  Eat: Meat ration       |     2 |       ||     2
       Bread ration      |       |     2 ||     2
       Beef jerky        |       |     1 ||     1
